 Dungeon Crawl Stone Soup version 0.31-a0-963-ga325b2283a (webtiles) character file.

Game seed: 9513969891898284705

44 retardedninja the Firebug (level 3, -3/20 HPs)
             Began as a Gargoyle Fire Elementalist on Oct 25, 2023.
             Slain by a gnoll
             ... wielding a +0 club
              (6 damage)
             ... on level 3 of the Dungeon.
             The game lasted 00:02:37 (1691 turns).

retardedninja the Firebug (GrFE)                    Turns: 1691, Time: 00:02:38

Health: -3/20      AC:  8    Str: 11    XL:     3   Next: 60%
Magic:  1/6        EV: 12    Int: 17    God:
Gold:   72         SH:  0    Dex: 16    Spells: 3/6 levels left

rFire   + . .        (no weapon)
rCold   + . .        (no shield)
rNeg    + . .        a - +0 robe
rPois   ∞            (no helmet)
rElec   +            (no cloak)
rCorr   +            g - +2 pair of gloves
SInv    .            (no boots)
Will    .....        (no amulet)
Stlth   ++           d - +6 ring of dexterity
HPRegen 0.23/turn    (no ring)
MPRegen 0.10/turn

%: no passive effects
@: resistant
A: sickness immunity, AC +3, negative energy resistance 1, electricity
resistance, torment resistance 1, petrification resistance
a: no special abilities


You were on level 3 of the Dungeon.
You visited 1 branch of the dungeon, and saw 3 of its levels.

You collected 72 gold pieces.

Inventory:

Armour
 a - a +0 robe (worn)
 g - a +2 pair of gloves (worn)
Jewellery
 d - a +6 ring of dexterity (left hand)
Scrolls
 e - a scroll of poison {unknown}
 f - a scroll of vulnerability {unknown}
Potions
 b - 2 potions of magic


   Skills:
 + Level 1.2 Fighting
 - Level 1.5 Dodging
 - Level 2.1 Stealth
 + Level 2.3 Spellcasting
 + Level 1.9 Conjurations
 + Level 3.3 Fire Magic
 + Level 0.9 Air Magic


You had 3 spell levels left.
You knew the following spells:

 Your Spells              Type           Power      Damage    Failure   Level
a - Foxfire               Conj/Fire      40%        2x1d6     6%          1
b - Scorch                Fire           26%        2d6       7%          2

Your spell library contained the following spells:

 Spells                   Type           Power      Damage    Failure   Level
 Inner Flame              Hex/Fire       7%         N/A       28%         3
 Volatile Blastmotes      Fire/Tloc      14%        2d11      28%         3
 Flame Wave               Conj/Fire      10%        2d6       54%         4


Dungeon Overview and Level Annotations

Branches:
Dungeon (3/15)

Altars:


Innate Abilities, Weirdness & Mutations

You are immune to sickness and miasma.
Your stone body is resilient. (AC +3)
You are immune to poison.
You resist negative energy. (rN+)
You are resistant to electric shocks. (rElec)
You are resistant to unholy torment.
You are immune to petrification.


Message History

Casting: Scorch (safe; 8% risk of failure)
Confirm with . or Enter, or press ? or * to list all spells.
Flames lash the gnoll.
The gnoll is burned terribly!
You kill the gnoll!
The gnoll barely misses you. The gnoll closely misses you.
You hit the gnoll but do no damage.
The gnoll is severely wounded.
You completely miss the gnoll.
The gnoll is no longer more vulnerable to fire.
The gnoll hits you but does no damage.
You hit the gnoll but do no damage. The gnoll barely misses you.
The gnoll hits you from afar with a +0 spear.
You completely miss the gnoll. The gnoll misses you.
The gnoll barely misses you.
You hit the gnoll but do no damage. The gnoll closely misses you.
The gnoll hits you from afar with a +0 spear.
You closely miss the gnoll. The gnoll hits you with a +0 club.
The gnoll closely misses you. The gnoll barely misses you.
The gnoll hits you but does no damage. The gnoll attacks as it pursues you!
The gnoll barely misses you. The gnoll barely misses you.
The gnoll hits you from afar with a +0 spear.
The gnoll attacks as it pursues you! The gnoll closely misses you.
The gnoll attacks as it pursues you! The gnoll misses you.
The gnoll attacks as it pursues you! The gnoll completely misses you.
The gnoll attacks as it pursues you!
The gnoll hits you from afar with a +0 spear.
* * * LOW HITPOINT WARNING * * *
There is a stone staircase leading down here.
The gnoll hits you with a +0 club.
* * * LOW HITPOINT WARNING * * *
The gnoll hits you but does no damage.
You climb downwards.
Found an opal ring.
There is a stone staircase leading up here.
It was a potion of resistance.
You feel protected. The gnoll hits you with a +0 club.
You die...

## .. .#
.# .# .#
####.###.#
......g@.#
.=...##..#
### #..#
...# #w##
#.# #.#
#.#


You could see a gnoll and a dart slug.

Vanquished Creatures
  A gnoll (D:2)
  A dart slug (D:1)
  3 ball pythons (D:1)
  A bat (D:1)
  3 endoplasms (D:1)
  6 giant cockroaches
  3 goblins
  A hobgoblin (D:2)
  2 quokkas (D:1)
  6 frilled lizards (D:1)
  3 rats
30 creatures vanquished.

Vanquished Creatures (others)
  126 foxfires
126 creatures vanquished.

Grand Total: 156 creatures vanquished

Notes
Turn   | Place    | Note
-------+----------+-------------------------------------------
     0 | D:1      | retardedninja the Gargoyle Fire Elementalist began the
                  | quest for the Orb.
     0 | D:1      | Reached XP level 1. HP: 10/10 MP: 3/3
   187 | D:1      | Found a faded altar of an unknown god.
   245 | D:1      | Reached XP level 2. HP: 16/16 MP: 0/5
   299 | D:1      | You fall into a shaft and drop 1 floor!
   913 | D:1      | Reached skill level 1 in Fighting
  1150 | D:1      | Reached XP level 3. HP: 20/20 MP: 3/6
  1668 | D:2      | Learned a level 2 spell: Scorch
  1691 | D:3      | Slain by a gnoll

Illustrated notes

Levels and vault maps discovered:
D:1:      mainiacjoe_arrival_reflecting_pool, layout_basic,
          hellmonk_ecumenical_altar_run_dry, nicolae_titane
D:2:      layout_basic
D:3:      layout_loops_ring, chequers_garden, nicolae_shop_unique_rings,
          uniq_ijyb, uniq_robin, uniq_sigmund

Skill      XL: |  1  2 |
---------------+-------+-----
Fighting       | 1 |  1.2
Dodging        | |  1.5
Stealth        | |  2.1
Spellcasting   | |  2.3
Conjurations   | |  1.9
Fire Magic     | |  3.3
Air Magic      | |  0.9

Action                     || total
---------------------------++-------
  Melee: Unarmed           ||    14
   Cast: Foxfire           ||    76
         Scorch            ||     3
    Use: Potion            ||     1
 Armour: Robe              ||    50
  Dodge: Dodged            ||    59

Table legend: (Time is in decaauts)
 A = Elapsed time spent in this place.
 B = Non-inter-level travel time spent in this place.
 C = Inter-level travel time spent in this place.
 D = Time resting spent in this place.
 E = Time spent auto-exploring this place.
 F = Levels seen in this place.
 G = Mean time per level.
                   A        B        C        D        E       F      G
               +--------+--------+--------+--------+--------+-----+--------+
         Total |   1691 |   1652 |     39 |      0 |   1306 |   3 |  563.7 |
       Dungeon |   1691 |   1652 |     39 |      0 |   1306 |   3 |  563.7 |
               +--------+--------+--------+--------+--------+-----+--------+

Top non-repeatable levels by time:
     D:1: 1528 daAuts
     D:2: 162 daAuts
     D:3: 0 daAuts
